 Dungeon Crawl Stone Soup version 0.29-a0-492-g10b964d8d7 (webtiles) character file.

Game seed: 2432465243502811261

298 Morbidden the Gusty (level 6, -3/34 HPs)
             Began as a Tengu Air Elementalist on May 27, 2022.
             Was a Priest of Zin.
             Slain by Pikel
             ... wielding a +1 whip of electrocution
              (16 damage)
             ... on level 4 of the Dungeon.
             The game lasted 00:03:18 (3288 turns).

Morbidden the Gusty (Tengu Air Elementalist)        Turns: 3288, Time: 00:03:19

Health: -3/34      AC:  4    Str:  8    XL:     6   Next: 36%
Magic:  1/11       EV: 15    Int: 18    God:    Zin [***...]
Gold:   207        SH:  0    Dex: 14    Spells: 8/11 levels left

rFire   . . .      SeeInvis .   a - +1 short sword (venom)
rCold   . . .      Faith    .   (no shield)
rNeg    . . .      Spirit   .   q - +0 robe
rPois   .          Reflect  .   (helmet restricted)
rElec   .          Harm     .   (no cloak)
rCorr   .          Rampage  .   g - +1 pair of gloves
Will    +....                   (boots unavailable)
Stlth   ++........              f - amulet of regeneration
HPRegen 0.91/turn               w - ring of willpower
MPRegen 0.12/turn               (no ring)

@: flying quickly and evasively, quick
A: beak, talons 3, nimble flight
a: Renounce Religion, Recite, Vitalisation, Imprison, Donate Gold


You were on level 4 of the Dungeon.
You worshipped Zin.
Zin was most pleased with you.
You visited 1 branch of the dungeon, and saw 4 of its levels.

You collected 230 gold pieces.
You donated 23 gold pieces to Zin.

Inventory:

Hand Weapons
 a - a +1 short sword of venom (weapon)
Armour
 g - a +1 pair of gloves (worn)
 q - a +0 robe (worn)
 r - a +1 chain mail of fire resistance
Jewellery
 f - an amulet of regeneration (around neck)
 w - a ring of willpower (left hand)
Scrolls
 c - 2 scrolls of teleportation {unknown}
 h - a scroll of noise {unknown}
 j - 2 scrolls of magic mapping {unknown}
 m - 3 scrolls of identify {unknown}
 n - 2 scrolls of enchant armour {unknown}
 o - 2 scrolls of fog {unknown}
 t - a scroll of brand weapon {unknown}
Potions
 b - 3 potions of magic
 d - a potion of haste
 e - 3 potions of brilliance
 i - a potion of flight {unknown}
 k - a potion of invisibility {unknown}
 l - a potion of berserk rage {unknown}
 p - 3 potions of curing
 s - a potion of resistance {unknown}
 u - a potion of mutation {unknown}
 v - a potion of degeneration {unknown}


   Skills:
 * Level 1.4 Fighting
 * Level 1.2 Short Blades
 * Level 3.3 Dodging
 + Level 2.3 Stealth
 + Level 1.4 Unarmed Combat
 * Level 3.1 Spellcasting
 * Level 3.1 Conjurations
 * Level 5.4 Air Magic
 * Level 1.1 Invocations


You had 8 spell levels left.
You knew the following spells:

 Your Spells              Type           Power      Damage    Failure   Level
a - Shock                 Conj/Air       72%        1d7       2%          1
b - Static Discharge      Conj/Air       18%        N/A       4%          2

Your spell library contained the following spells:

 Spells                   Type           Power      Damage    Failure   Level
 Swiftness                Air            22%        N/A       5%          3
 Airstrike                Air            11%        N/A       17%         4
 Conjure Flame            Conj/Fire      8%         6-21      26%         3
 Ignite Poison            Fire/Tmut/Pois 2%         N/A       43%         3
 Sticky Flame             Conj/Fire      8%         2d3       63%         4


Dungeon Overview and Level Annotations

Branches:
Dungeon (4/15)
 Temple: D:4-7

Altars:
Zin

Annotations:
D:4 Pikel


Innate Abilities, Weirdness & Mutations

You have a beak for a mouth.
You have claws for feet.
Your magical nature lets you fly swiftly and evasively.


Message History

Aim: Pikel, wielding a +1 whip of electrocution and wearing a +0 robe of willpower (moderately wounded, 64% to hit)
The zap hits Pikel.
Pikel is moderately wounded.
The zap hits the lemure.
The lemure is heavily wounded.
The zap hits the lemure.
The lemure is moderately wounded.
Casting: Shock (safe; 2% risk of failure)
Confirm with . or Enter, or press ? or * to list all spells.
Aiming: Shock (safe; 2% risk of failure)
Press: ? - help, Shift-Dir - straight line, f/p - Pikel
Aim: Pikel, wielding a +1 whip of electrocution and wearing a +0 robe of willpower (moderately wounded, 64% to hit)
The zap misses Pikel.
The zap misses the lemure.
The zap hits the lemure.
The lemure is moderately wounded.
The zap misses the lemure.
Casting: Shock (safe; 2% risk of failure)
Confirm with . or Enter, or press ? or * to list all spells.
Aiming: Shock (safe; 2% risk of failure)
Press: ? - help, Shift-Dir - straight line, f/p - Pikel
Aim: Pikel, wielding a +1 whip of electrocution and wearing a +0 robe of willpower (moderately wounded, 64% to hit)
The zap hits Pikel but does no damage.
Pikel is moderately wounded.
The zap hits the lemure.
The lemure is heavily wounded.
The zap misses the lemure.
The zap hits the lemure.
The lemure is heavily wounded.
Pikel misses you.
Unknown command.
You barely miss Pikel.
Pikel is moderately wounded.
Pikel hits you with a +1 whip of electrocution.
You are electrocuted!
Pikel hits you with a +1 whip of electrocution!
Unknown command.
You hit Pikel but do no damage.
Pikel is poisoned.
You claw Pikel, but do no damage. You peck Pikel.
Pikel is heavily wounded.
Pikel hits you with a +1 whip of electrocution.
You are electrocuted!
You die... ########## #........######## #.######...>....# #@# ########.# #K# #.# #5# #.# 555

#.# ##.## ###
#.## ..#
###.### #...
..$
#(....######
>..
##...........
#.##
#.......##.##


You could see Pikel (very poisoned) and 4 lemures.

Vanquished Creatures
  Menkaure (D:4)
  A scorpion (D:4)
  A hound (D:4)
  4 adders
  4 dart slugs
  9 bats
  7 endoplasms
  A giant cockroach (D:4)
  5 goblins
  3 hobgoblins
  2 quokkas
  6 ball pythons
  A frilled lizard (D:3)
  3 kobolds
  6 rats
54 creatures vanquished.

Notes
Turn   | Place    | Note
-------+----------+-------------------------------------------
     0 | D:1      | Morbidden the Tengu Air Elementalist began the quest for
                  | the Orb.
     0 | D:1      | Reached XP level 1. HP: 10/10 MP: 4/4
   234 | D:1      | Reached XP level 2. HP: 15/15 MP: 1/6
   368 | D:1      | Learned a level 2 spell: Static Discharge
   514 | D:1      | Found a faded altar of an unknown god.
   988 | D:1      | Prayed at the altar of an unknown god.
   988 | D:1      | Became a worshipper of Zin the Law-Giver
   988 | D:1      | Reached * piety under Zin
  1106 | D:2      | Reached XP level 3. HP: 18/19 MP: 3/7
  1348 | D:2      | Reached ** piety under Zin
  2151 | D:3      | Reached XP level 4. HP: 24/24 MP: 4/8
  2242 | D:3      | Reached *** piety under Zin
  2877 | D:4      | Noticed Menkaure
  2889 | D:4      | Killed Menkaure
  2890 | D:4      | Reached skill level 1 in Fighting
  2890 | D:4      | Reached skill level 1 in Short Blades
  2890 | D:4      | Reached skill level 1 in Unarmed Combat
  2890 | D:4      | Reached skill level 5 in Air Magic
  2890 | D:4      | Gained mutation: Your magical nature lets you fly swiftly
                  | and evasively. [Tengu growth]
  2890 | D:4      | Reached XP level 5. HP: 25/29 MP: 0/10
  2915 | D:4      | Reached skill level 1 in Invocations
  2915 | D:4      | Reached XP level 6. HP: 34/34 MP: 0/11
  3275 | D:4      | Noticed Pikel
  3288 | D:4      | Slain by Pikel

Illustrated notes

Levels and vault maps discovered:
D:1:      psy_arrival_whirlpool, layout_loops_ring, basic_ecumenical_altar,
          minmay_split_cup_small
D:2:      layout_loops_ring
D:3:      layout_loops_corners, kennysheep_generic_room_9
D:4:      layout_loops_cross, mainiacjoe_overflow_brackets, kennysheep_doodads,
          hangedman_glass_teeth, uniq_pikel, uniq_menkaure

Skill      XL: |  1  2  3  4  5 |
---------------+----------------+-----
Conjurations   | 2 3 |  3.1
Fighting       | 1 |  1.4
Short Blades   | 1 |  1.2
Dodging        | 3 |  3.3
Unarmed Combat | 1 |  1.4
Air Magic      | 5 |  5.4
Spellcasting   | 3 |  3.1
Invocations    | 1 |  1.1
Stealth        | |  2.3

Action                   |  1- 3 |  4- 6 || total
-------------------------+-------+-------++-------
Melee: Unarmed           |    51 |    16 ||    67
       Kick              |    12 |    10 ||    22
       Peck              |    10 |     5 ||    15
       Punch             |     1 |       ||     1
       Short sword       |       |    14 ||    14
 Cast: Shock             |    50 |    38 ||    88
  Use: Potion            |       |     3 ||     3
 Stab: Sleeping          |     1 |       ||     1
Armor: Robe              |    17 |     5 ||    22
Dodge: Dodged            |    35 |    28 ||    63

Table legend: (Time is in decaauts)
 A = Elapsed time spent in this place.
 B = Non-inter-level travel time spent in this place.
 C = Inter-level travel time spent in this place.
 D = Time resting spent in this place.
 E = Time spent auto-exploring this place.
 F = Levels seen in this place.
 G = Mean time per level.
                   A        B        C        D        E       F      G
               +--------+--------+--------+--------+--------+-----+--------+
         Total |   3249 |   3108 |    141 |      0 |   2722 |   4 |  812.2 |
       Dungeon |   3249 |   3108 |    141 |      0 |   2722 |   4 |  812.2 |
               +--------+--------+--------+--------+--------+-----+--------+

Top non-repeatable levels by time:
     D:3: 1079 daAuts
     D:1: 1020 daAuts
     D:2: 695 daAuts
     D:4: 452 daAuts
